 Dungeon Crawl Stone Soup version 0.28-a0-845-gfc338a8e3c (webtiles) character file.

Game seed: 10989573965325275659

33 Crownlay the Chiller (level 3, -5/25 HPs)
             Began as a Gnoll Ice Elementalist on Nov 12, 2021.
             Killed by divine providence
             ... invoked by an orc priest
              (11 damage)
             ... on level 4 of the Dungeon.
             The game lasted 00:01:25 (1087 turns).

Crownlay the Chiller (Gnoll Ice Elementalist)       Turns: 1087, Time: 00:01:26

Health: -5/25      AC:  9    Str:  7    XL:     3   Next: 29%
Magic:  3/9        EV: 17    Int: 15    God:
Gold:   34         SH:  0    Dex: 12    Spells: 5/12 levels left

rFire   . . .      SeeInvis .   i - +2 flail (protect)
rCold   . . .      Faith    .   (no shield)
rNeg    . . .      Spirit   .   a - +0 robe
rPois   .          Reflect  .   (no helmet)
rElec   .          Harm     .   (no cloak)
rCorr   .          Rampage  .   (no gloves)
Will    .....                   (no boots)
Stlth   ++........              (no amulet)
HPRegen 0.08/turn               g - +4 ring of evasion
MPRegen 0.11/turn               (no ring)

@: ice-armoured, freezing walls
A: fangs 1, strong nose, distributed training
a: no special abilities


You were on level 4 of the Dungeon.
You visited 1 branch of the dungeon, and saw 3 of its levels.

You collected 34 gold pieces.

Inventory:

Hand Weapons
 f - a +0 dagger of draining
 i - a +2 flail of protection (weapon)
Armour
 a - a +0 robe (worn)
Jewellery
 g - a +4 ring of evasion (left hand)
Scrolls
 c - a scroll of teleportation
 h - a scroll of identify
Potions
 b - a potion of ambrosia {unknown}
 d - 3 potions of haste {unknown}
 e - a potion of flight {unknown}


   Skills:
 + Level 0.7 Fighting
 + Level 0.7 Short Blades
 + Level 0.7 Long Blades
 + Level 0.7 Axes
 + Level 0.7 Maces & Flails
 + Level 0.7 Polearms
 + Level 0.7 Staves
 + Level 0.7 Slings
 + Level 0.7 Bows
 + Level 0.7 Crossbows
 + Level 0.7 Throwing
 + Level 0.7 Armour
 + Level 4.5 Dodging
 + Level 4.1 Stealth
 + Level 0.7 Shields
 + Level 0.7 Unarmed Combat
 + Level 5.0 Spellcasting
 + Level 0.5 Conjurations
 + Level 0.5 Hexes
 + Level 0.5 Summonings
 + Level 0.5 Necromancy
 + Level 0.5 Translocations
 + Level 0.5 Transmutations
 + Level 0.5 Fire Magic
 + Level 7.1 Ice Magic
 + Level 0.5 Air Magic
 + Level 0.5 Earth Magic
 + Level 0.5 Poison Magic
 + Level 0.9 Invocations
 + Level 0.7 Evocations


You had 5 spell levels left.
You knew the following spells:

 Your Spells              Type           Power      Damage    Failure   Level
a - Freeze                Ice            100%       1d11      1%          1
b - Frozen Ramparts       Ice            50%        1d7       2%          3
c - Ozocubu's Armour      Ice            25%        N/A       2%          3

Your spell library contained the following spells:

 Spells                   Type           Power      Damage    Failure   Level
 Hailstorm                Conj/Ice       15%        3d5       34%         4


Dungeon Overview and Level Annotations

Branches:
Dungeon (2/15)

Altars:


Innate Abilities, Weirdness & Mutations

You have very sharp teeth.
Your uncanny sense of smell can sniff out nearby items.
Your experience applies equally to all skills.


Message History

You hear the sound of rushing water.
There is an entrance to a sewer on this level.
Hurry and find it before the portal rusts away!
A quokka comes into view.
As you read the scroll labelled XIOGHITUSU, it crumbles to dust.
It is a scroll of identify.
c - a scroll of teleportation An ogre comes into view.
It is wielding a +0 giant club.
Found an escape hatch in the floor.
Found a glowing flail.
You see here a +2 flail of protection.
i - a +2 flail of protection Your +2 flail of protection hums with potential!
i - a +2 flail of protection (weapon)
An orc priest comes into view. It is wielding a +0 trident.
Found a stone staircase leading up.
An orc comes into view. It is wielding a +0 trident.
An orc priest comes into view. It is wielding a +0 club.
An orc comes into view. It is wielding a +0 dagger.
Found 31 arrows.
The orc shouts!
The orc priest shouts!
The orc shouts!
The orc misses you. The orc priest barely misses you.
Casting: Freeze (safe; 1% risk of failure)
Confirm with . or Enter, or press ? or * to list all spells.
Casting: Frozen Ramparts (dangerous; 2% risk of failure)
Press: ? - help, Dir - look around, f - activate The walls around you are covered in ice.
The wall freezes the orc!
You kill the orc!
The wall freezes the orc priest.
The orc priest mumbles some strange prayers to Beogh against you.
Beogh smites you!
The wall freezes the orc priest.
The orc priest invokes the aid of Beogh against you.
Beogh smites you!
* * * LOW HITPOINT WARNING * * *
Casting: Frozen Ramparts (dangerous; 2% risk of failure)
Confirm with . or Enter, or press ? or * to list all spells.
A film of ice covers your body!
The wall freezes the orc priest.
The orc priest mumbles some strange prayers to Beogh against you.
Beogh smites you!
You die...

#..(.## #.....#
......# .o...
#...# .o)# #
##..##..#
###.@o....#
##.#..#......
####.....# #....
##........# ... #
#.........# .
##.#....###..<...
#.......# #......
#...#...#.........
##.##.............


You could see 2 orc priests and an orc.

Vanquished Creatures
  A dart slug (D:1)
  An orc (D:4)
  2 ball pythons (D:1)
  2 endoplasms (D:1)
  3 giant cockroaches (D:1)
  4 hobgoblins (D:1)
  2 jackals (D:1)
  4 kobolds (D:1)
  A quokka (D:1)
  3 bats (D:1)
  A frilled lizard (D:1)
  2 rats (D:1)
26 creatures vanquished.

Notes
Turn   | Place    | Note
-------+----------+-------------------------------------------
     0 | D:1      | Crownlay the Gnoll Ice Elementalist began the quest for the
                  | Orb.
     0 | D:1      | Reached XP level 1. HP: 13/13 MP: 6/6
    61 | D:1      | Reached XP level 2. HP: 10/19 MP: 2/7
   639 | D:1      | Reached XP level 3. HP: 23/25 MP: 5/9
   644 | D:1      | Reached skill level 5 in Spellcasting
   656 | D:1      | Learned a level 3 spell: Frozen Ramparts
   660 | D:1      | Learned a level 3 spell: Ozocubu's Armour
  1059 | D:2      | You fall into a shaft and drop 2 floors!
  1061 | D:4      | Noticed an ogre
  1087 | D:4      | Killed from afar by an orc priest

Illustrated notes

Levels and vault maps discovered:
D:1:      minmay_arrival_glassed_features, layout_basic, minmay_unequal
D:2:      layout_basic, basic_ecumenical_altar, minivault_11, uniq_sigmund,
          uniq_jessica
D:4:      layout_cave_pools, gup_sewer_entry_bubbles, minmay_misc_feat_iff,
          hangedman_decor_peaks_small

Skill      XL: |  1  2  3 |
---------------+----------+-----
Spellcasting   | 5 |  5.0
Fighting       | |  0.7
Short Blades   | |  0.7
Long Blades    | |  0.7
Axes           | |  0.7
Maces & Flails | |  0.7
Polearms       | |  0.7
Staves         | |  0.7
Slings         | |  0.7
Bows           | |  0.7
Crossbows      | |  0.7
Throwing       | |  0.7
Armour         | |  0.7
Dodging        | |  4.5
Stealth        | |  4.1
Shields        | |  0.7
Unarmed Combat | |  0.7
Conjurations   | |  0.5
Hexes          | |  0.5
Summonings     | |  0.5
Necromancy     | |  0.5
Translocations | |  0.5
Transmutations | |  0.5
Fire Magic     | |  0.5
Ice Magic      | |  7.1
Air Magic      | |  0.5
Earth Magic    | |  0.5
Poison Magic   | |  0.5
Invocations    | |  0.9
Evocations     | |  0.7

Action                   || total
-------------------------++-------
Melee: Unarmed           ||     3
       Dagger            ||     7
 Cast: Freeze            ||    31
       Ozocubu's Armour  ||     1
       Frozen Ramparts   ||     1
  Use: Scroll            ||     1
 Stab: Sleeping          ||     1
Armor: Robe              ||     5
Dodge: Dodged            ||    21

Table legend: (Time is in decaauts)
 A = Elapsed time spent in this place.
 B = Non-inter-level travel time spent in this place.
 C = Inter-level travel time spent in this place.
 D = Time resting spent in this place.
 E = Time spent auto-exploring this place.
 F = Levels seen in this place.
 G = Mean time per level.
                   A        B        C        D        E       F      G
               +--------+--------+--------+--------+--------+-----+--------+
         Total |   1084 |   1049 |     35 |      0 |    860 |   3 |  361.3 |
       Dungeon |   1084 |   1049 |     35 |      0 |    860 |   3 |  361.3 |
               +--------+--------+--------+--------+--------+-----+--------+

Top non-repeatable levels by time:
     D:1: 1047 daAuts
     D:4: 27 daAuts
     D:2: 9 daAuts
